 Dungeon Crawl Stone Soup version 0.27.1-2-g3b301248ec (webtiles) character file.

Game seed: 12645555132179071260

16 Icepheonix32 the Caller (level 2, 0/19 HPs)
             Began as a Demonspawn Summoner on Sept 25, 2021.
             Slain by a bat (1 damage)
             ... on level 1 of the Dungeon.
             The game lasted 00:02:22 (1677 turns).

Icepheonix32 the Caller (Demonspawn Summoner)       Turns: 1677, Time: 00:02:22

Health: 0/19       AC:  3    Str:  8    XL:     2   Next: 41%
Magic:  2/5        EV: 11    Int: 16    God:
Gold:   20         SH:  0    Dex: 13    Spells: 2/5 levels left

rFire    . . .     SeeInvis .   c - +0 whip
rCold    . . .     Faith    .   (no shield)
rNeg     . . .     Spirit   .   e - +0 leather armour
rPois    .         Reflect  .   (no helmet)
rElec    .         Harm     .   (no cloak)
rCorr    .         Rampage  .   (no gloves)
Will     .....                  (no boots)
Stlth    ++........             (no amulet)
HPRegen  0.06/turn              (no ring)
MPRegen  0.09/turn              (no ring)

@: no status effects
A: powered by pain 1
a: no special abilities


You were on level 1 of the Dungeon.
You visited 1 branch of the dungeon, and saw 1 of its levels.

You collected 20 gold pieces.

Inventory:

Hand Weapons
 c - a +0 whip (weapon)
Armour
 d - a +0 ring mail
 e - a +0 leather armour (worn)
Jewellery
 b - a ring of fire
Scrolls
 a - a scroll of holy word {unknown}


   Skills:
 * Level 1.8 Dodging
 + Level 1.8 Stealth
 * Level 2.2 Spellcasting
 * Level 4.4 Summonings


You had 2 spell levels left.
You knew the following spells:

 Your Spells              Type           Power      Damage    Failure   Level
a - Summon Small Mammal   Summ           64%        N/A       4%          1
b - Call Imp              Summ           16%        N/A       7%          2

Your spell library contained the following spells:

 Spells                   Type           Power      Damage    Failure   Level
 Call Canine Familiar     Summ           16%        N/A       14%         3
 Summon Guardian Golem    Hex/Summ       8%         N/A       34%         3
 Summon Lightning Spire   Summ/Air       8%         N/A       75%         4


Dungeon Overview and Level Annotations

Branches:
Dungeon (1/15)

Altars:


Innate Abilities, Weirdness & Mutations

You sometimes gain a little power by taking damage.


Message History

The frilled lizard barely misses you. The kobold barely misses you.
The endoplasm freezes you.
You are frozen.
* * * LOW HITPOINT WARNING * * *
Your rat barely misses the endoplasm.
Your rat barely misses the kobold.
The endoplasm hits your rat.
The kobold hits your rat with a +0 dagger.
Your rat dies!
Your rat's corpse disappears in a puff of smoke!
The bat hits you but does no damage. The bat misses you.
You aren't carrying any potions.
Casting: Summon Small Mammal (safe; 4% risk of failure)
Confirm with . or Enter, or press ? or * to list all spells.
The bat barely misses you. The frilled lizard misses you.
The bat barely misses you. x2; Your bat barely misses the bat.
The bat hits you but does no damage.
Your bat hits the bat. The bat hits your bat.
Your bat barely misses the bat.
Your bat closely misses the bat.
The bat hits you but does no damage. The endoplasm misses your bat.
Your bat closely misses the bat.
Casting: Summon Small Mammal (safe; 4% risk of failure)
Confirm with . or Enter, or press ? or * to list all spells.
Something hits your bat.
Your bat hits the frilled lizard. Something barely misses your bat.
Your bat hits the frilled lizard.
The frilled lizard dies!
Your bat completely misses the bat.
The bat barely misses you.
Your bat completely misses the bat.
Something hits your bat.
Your bat dies!
Your bat's corpse disappears in a puff of smoke!
You swap places.
The bat completely misses your rat. Something barely misses your rat.
Something hits your rat. x2
Your rat dies!
Your rat's corpse disappears in a puff of smoke!
Casting: Summon Small Mammal (safe; 4% risk of failure)
Confirm with . or Enter, or press ? or * to list all spells.
The bat hits you.
* * * LOW HITPOINT WARNING * * *
The bat hits you.
You die...

.......# ####.### #..##.......
..÷....###.^....# #...........
.........#.##.#.# #........###
.####.##.#.##.#.# #..##....#
......##.#.##.#.# #..##....#
.......#.#.##.#.# ###..####.##
.(....#.#.#.#...# #.§K.# #...
.#####........######.#..# #..#
.##...#.#.#.#.#.@b.J.#.b# ..#
.##.##.....>.##r###.##KJ# #..###
....###.#.#.###.#....#..# .....#
..................#.##..# ......
.##.###.#.#.#.......##..# ......
.#...#########...#####..###.....[
##...# ##.## #..........#
###..##### #.# #...§K.....#
#........# ##.## #..####.####


You could see an endoplasm, a bat and a friendly quokka (summoned).

Vanquished Creatures
  2 bats (D:1)
  An endoplasm (D:1)
  A giant cockroach (D:1)
  3 hobgoblins (D:1)
  2 rats (D:1)
9 creatures vanquished.

Vanquished Creatures (collateral kills)
  A dart slug (D:1)
  An endoplasm (D:1)
  2 goblins (D:1)
  2 frilled lizards (D:1)
  2 kobolds (D:1)
  A rat (D:1)
9 creatures vanquished.

Grand Total: 18 creatures vanquished

Notes
Turn   | Place    | Note
-------+----------+-------------------------------------------
     0 | D:1      | Icepheonix32 the Demonspawn Summoner began the quest for
                  | the Orb.
     0 | D:1      | Reached XP level 1. HP: 13/13 MP: 3/3
   535 | D:1      | Found a faded altar of an unknown god.
   535 | D:1      | Noticed an eye of devastation
   728 | D:1      | Noticed a golden eye
   732 | D:1      | Noticed an eye of devastation
   732 | D:1      | Noticed a shining eye
   821 | D:1      | Gained mutation: You sometimes gain a little power by
                  | taking damage. [demonic ancestry]
   821 | D:1      | Reached XP level 2. HP: 2/19 MP: 1/5
  1099 | D:1      | Learned a level 2 spell: Call Imp
  1677 | D:1      | Slain by a bat

Illustrated notes

Levels and vault maps discovered:
D:1:      dpeg_arrival_boxes_within_box, layout_loops_cross,
          hellmonk_ecumenical_altar_watching_god, serial_bayou_pond_a,
          hangedman_decor_opposing, st_stairs_8, minmay_tromino_v4_a

Action                   || total
-------------------------++-------
Melee: Whip              ||    46
       Unarmed           ||     5
 Cast: Summon Small Mamm ||    29
 Stab: Sleeping          ||     1
Armor: Robe              ||     2
       Leather armour    ||    25
Dodge: Dodged            ||    49
